 Dungeon Crawl Stone Soup version 0.31-a0-818-ge7c7cf74f0 (webtiles) character file.

Game seed: 18156078769395527730

617 Kurtz the Chopper (level 7, -7/46 HPs)
             Began as an Octopode Fighter on Sept 23, 2023.
             Was an Initiate of Kikubaaqudgha.
             Mangled by a gnoll
             ... wielding a +0 halberd
              (17 damage)
             ... on level 4 of the Dungeon.
             The game lasted 00:04:04 (4127 turns).

Kurtz the Chopper (Octopode Fighter)                Turns: 4127, Time: 00:04:05

Health: -7/46      AC:  1    Str: 16    XL:     7   Next: 45%
Magic:  9/9        EV: 13    Int: 10    God:    Kikubaaqudgha [......]
Gold:   196        SH:  4    Dex: 13    Spells: 8/8 levels left

rFire   . . .        a - +0 war axe
rCold   . . .        b - +0 buckler
rNeg    . . .        (helmet restricted)
rPois   .            e - amulet of magic regeneration
rElec   .            (no ring)
rCorr   .            (no ring)
SInv    .            (no ring)
Will    .....        (no ring)
Stlth   ++           (no ring)
HPRegen 0.27/turn    (no ring)
MPRegen 0.51/turn    (no ring)
                     (no ring)

%: no passive effects
@: no status effects
A: almost no armour, amphibious, 8 rings, camouflage 1, gelatinous body 1,
(nimble swimmer 1), tentacles
a: Renounce Religion


You were on level 4 of the Dungeon.
You worshipped Kikubaaqudgha.
Kikubaaqudgha was noncommittal.
You visited 1 branch of the dungeon, and saw 6 of its levels.

You collected 196 gold pieces.

Inventory:

Hand Weapons
 a - a +0 war axe (weapon)
Missiles
 d - 4 poisoned darts (quivered)
 i - 5 javelins
Armour
 b - a +0 buckler (worn)
Jewellery
 e - an amulet of magic regeneration (around mantle)
Wands
 c - a wand of charming (4)
 r - a wand of digging (6)
Scrolls
 f - a scroll of summoning {unknown}
 g - 3 scrolls of acquirement {unknown}
 h - 4 scrolls of teleportation {unknown}
 j - a scroll of torment {unknown}
 m - a scroll of fog {unknown}
 o - 2 scrolls of fear {unknown}
 p - 3 scrolls of identify {unknown}
 t - a scroll of enchant armour {unknown}
Potions
 k - a potion of attraction
 q - a potion of haste {unknown}
 u - a potion of enlightenment
 v - a potion of invisibility {unknown}


   Skills:
 - Level 3.0 Fighting
 * Level 7.5 Axes
 - Level 3.0 Dodging
 - Level 3.0 Shields
 * Level 1.4 Spellcasting
 * Level 1.6 Necromancy


You had 8 spell levels left.
You didn't know any spells.
Your spell library contained the following spells:

 Spells                   Type           Power      Damage    Failure   Level
 Necrotise                Necr           16%        1d4       22%         1
 Apportation              Tloc           0%         N/A       38%         1
 Summon Small Mammal      Summ           0%         N/A       38%         1


Dungeon Overview and Level Annotations

Branches:
Dungeon (6/15)             Temple (0/1) D:4

Altars:
Kikubaaqudgha
Trog
Uskayaw
Zin

Annotations:
D:2 1 runed translucent door, Crazy Yiuf
D:5 2 transporters, GreenGuy14's ghost, novice DrBe


Innate Abilities, Weirdness & Mutations

You cannot wear most types of armour.
You are amphibious.
You can wear up to eight rings at the same time.
Your skin changes colour to match your surroundings (Stealth+).
Your rubbery body absorbs attacks. (AC +1, EV +1)
((You are camouflaged when in or above water. (Stealth+)))
You have tentacles for arms and can constrict up to eight enemies at once.


Message History

You kill the gnoll!
Kikubaaqudgha accepts your kill.
You closely miss the giant cockroach. The giant cockroach bites you.
The gnoll misses you.
The gnoll hits you from afar with a +0 halberd!
You are too injured to fight recklessly!
The giant cockroach attacks as it pursues you!
You block the giant cockroach's attack. The giant cockroach barely misses you.
You closely miss the giant cockroach. Your grab misses the giant cockroach.
You squeeze the giant cockroach, but do no damage.
The giant cockroach is severely wounded.
The giant cockroach bites you but does no damage.
The gnoll closely misses you.
You barely miss the giant cockroach. Your grab misses the giant cockroach.
The giant cockroach is severely wounded.
The giant cockroach waves its antennae.
The giant cockroach bites you but does no damage.
The gnoll hits you from afar with a +0 halberd!
* * * LOW HITPOINT WARNING * * *
Unknown command.
The giant cockroach attacks as it pursues you!
The giant cockroach barely misses you. The giant cockroach closely misses you.
The giant cockroach attacks as it pursues you!
The giant cockroach misses you.
The giant cockroach waves its antennae.
The giant cockroach attacks as it pursues you!
The giant cockroach bites you.
* * * LOW HITPOINT WARNING * * *
You block the giant cockroach's attack.
The giant cockroach attacks as it pursues you!
The giant cockroach bites you but does no damage.
You closely miss the giant cockroach. You grab the giant cockroach.
The giant cockroach is heavily wounded.
You constrict the giant cockroach.
You kill the giant cockroach!
Kikubaaqudgha accepts your kill. The gnoll attacks as it pursues you!
The gnoll hits you from afar with a +0 halberd!
You die...
Kikubaaqudgha rasps: "You have failed me!
Welcome... death!"

......#...###########..#.#.######
......#...#......................
......#...#.##.....##..#.........
......#...#g##.#.####..#...######
......#...#.##.#.#.....#.#.#.....
......#....g##.#.#.#...#.#.#.....
......#...####.#g# #.......'.._..
......#...# #.#.# #...##..#.....
..........####.#@# #.#.....#.....
.............#.#.#.#.....<.######
##.#..####.#.#.#.................
>.........B..# #.#.......########
.####.#....###.#.................
.# #...........#+#############.##
.# #..#g#####.... ...#. .# #..#)#
... ...#.#. .# #..#.# ..
.........


You could see a gnoll.

Vanquished Creatures
  2 black bears (D:5)
  A bullfrog (D:6)
  2 hounds
  An orc priest (D:6)
  A sleepcap (D:5)
  4 iguanas (D:5)
  3 gnolls
  4 adders
  2 worms
  2 dart slugs
  3 orcs (D:6)
  9 endoplasms
  4 giant cockroaches
  8 goblins
  7 hobgoblins
  4 jackals (D:3)
  5 kobolds
  4 quokkas
  11 ball pythons
  3 bats
  6 frilled lizards
  6 rats
  A spectral kobold (D:1)
93 creatures vanquished.

Notes
Turn   | Place    | Note
-------+----------+-------------------------------------------
     0 | D:1      | Kurtz the Octopode Fighter began the quest for the Orb.
     0 | D:1      | Reached XP level 1. HP: 16/16 MP: 1/1
    97 | D:1      | Reached XP level 2. HP: 21/21 MP: 2/2
   148 | D:1      | Reached skill level 3 in Axes
   398 | D:1      | Reached XP level 3. HP: 26/26 MP: 3/3
   436 | D:1      | Found a faded altar of an unknown god.
  1057 | D:2      | Reached skill level 4 in Axes
  1314 | D:2      | Found a runed translucent door.
  1315 | D:2      | Noticed Crazy Yiuf
  1443 | D:3      | Reached XP level 4. HP: 31/31 MP: 4/4
  1699 | D:3      | Found a hide-covered altar of Uskayaw.
  2524 | D:3      | Found a bloodstained altar of Trog.
  2608 | D:4      | Found an ancient bone altar of Kikubaaqudgha.
  2762 | D:4      | Became a worshipper of Kikubaaqudgha
  2801 | D:4      | Found a staircase to the Ecumenical Temple.
  2807 | D:4      | You fall into a shaft and drop 2 floors!
  2831 | D:6      | Reached skill level 5 in Axes
  2831 | D:6      | Reached XP level 5. HP: 22/36 MP: 5/5
  3072 | D:6      | Reached XP level 6. HP: 42/42 MP: 6/6
  3183 | D:6      | Reached skill level 6 in Axes
  3212 | D:5      | Entered Level 5 of the Dungeon
  3220 | D:5      | Noticed a black bear
  3224 | D:5      | Killed a black bear
  3225 | D:5      | Reached skill level 1 in Necromancy
  3259 | D:5      | Found a glowing silver altar of Zin.
  3277 | D:5      | Reached skill level 1 in Spellcasting
  3409 | D:5      | Found a transporter.
  3409 | D:5      | Noticed GreenGuy14's ghost (novice DrBe)
  3413 | D:5      | Found a transporter.
  3488 | D:5      | Noticed a black bear
  3490 | D:5      | Reached XP level 7. HP: 46/46 MP: 8/8
  3497 | D:5      | Reached skill level 7 in Axes
  4127 | D:4      | Mangled by a gnoll

Illustrated notes

Levels and vault maps discovered:
D:1:      saegor_arrival_simple_d, layout_basic,
          dreamdust_ecumenical_altar_drowned_temple
D:2:      layout_loops_ring, uniq_crazy_yiuf_cottage
D:3:      layout_basic, mainiacjoe_overflow_paths, mainiacjoe_overflow_alcove_2
D:4:      layout_basic, amcnicky_altar_gilded, mainiacjoe_overflow_tiny_flanked,
          minmay_temple_entry_mist
D:5:      layout_loops_cross, nicolae_tso_carved_into_rock,
          mainiacjoe_overflow_catwalk, gammafunk_ghost_mausoleum, st_stairs_3,
          serial_bayou_pond_a
D:6:      layout_basic

Skill      XL: |  1  2  3  4  5  6  7 |
---------------+----------------------+-----
Axes           | 3 4 5 6 7 |  7.5
Necromancy     | 1 |  1.6
Spellcasting   | 1 |  1.4
Fighting       | |  3.0
Dodging        | |  3.0
Shields        | |  3.0

Action                     |  1- 3 |  4- 6 |  7- 9 || total
---------------------------+-------+-------+-------++-------
  Melee: War axe           |    68 |    76 |    21 ||   165
         Constrict         |    12 |    23 |     5 ||    40
         Tentacles         |     7 |    12 |     5 ||    24
         Punch             |     1 |     1 |       ||     2
  Throw: Dart              |       |     9 |       ||     9
    Use: Potion            |       |     1 |     6 ||     7
   Stab: Sleeping          |     8 |     7 |     2 ||    17
 Armour: Skin              |    21 |    30 |    27 ||    78
  Dodge: Dodged            |    34 |    34 |    21 ||    89
  Block: Buckler           |    13 |    14 |    10 ||    37

Table legend: (Time is in decaauts)
 A = Elapsed time spent in this place.
 B = Non-inter-level travel time spent in this place.
 C = Inter-level travel time spent in this place.
 D = Time resting spent in this place.
 E = Time spent auto-exploring this place.
 F = Levels seen in this place.
 G = Mean time per level.
                   A        B        C        D        E       F      G
               +--------+--------+--------+--------+--------+-----+--------+
         Total |   4177 |   4056 |    121 |    473 |   2868 |   6 |  696.2 |
       Dungeon |   4177 |   4056 |    121 |    473 |   2868 |   6 |  696.2 |
               +--------+--------+--------+--------+--------+-----+--------+

Top non-repeatable levels by time:
     D:3: 1271 daAuts
     D:2: 764 daAuts
     D:5: 746 daAuts
     D:1: 609 daAuts
     D:6: 410 daAuts
     D:4: 375 daAuts
